 Dungeon Crawl Stone Soup version 0.24-a0-504-gcfb02b9 (webtiles) character file.

Game seed: 13619580398540499972

41 Espgualade the Chiller (level 3, 0/19 HPs)
             Began as a Tengu Ice Elementalist on July 16, 2019.
             Slain by an adder (4 damage)
             ... on level 1 of the Dungeon.
             The game lasted 00:02:24 (1642 turns).

Espgualade the Chiller (Tengu Ice Elementalist)     Turns: 1642, Time: 00:02:24

Health: 0/19       AC:  2    Str:  8    XL:     3   Next: 52%
Magic:  4/7        EV: 12    Int: 16    God:
Gold:   71         SH:  0    Dex: 14    Spells: 0/6 levels left

rFire    . . .     SeeInvis .   f - +0 dagger
rCold    . . .     Gourm    .   (no shield)
rNeg     . . .     Faith    .   a - +0 robe
rPois    .         Spirit   .   (helmet restricted)
rElec    .         Reflect  .   (no cloak)
rCorr    .         Harm     .   (no gloves)
MR       .....                  (boots unavailable)
Stlth    ++........             (no amulet)
HPRegen  0.06/turn              (no ring)
MPRegen  0.10/turn              (no ring)

@: lethally poisoned (0 -> -3), very slightly contaminated
A: beak, talons 3
a: no special abilities


You were on level 1 of the Dungeon.
You were not hungry.

You visited 1 branch of the dungeon, and saw 2 of its levels.

You collected 71 gold pieces.

Inventory:

Hand Weapons
 f - a +0 dagger (weapon)
Armour
 a - a +0 robe (worn)
Scrolls
 d - a scroll of magic mapping {unknown}
 h - a scroll of teleportation {unknown}
 j - a scroll of remove curse {unknown}
Potions
 b - a potion of brilliance {unknown}
 e - a potion of haste {unknown}
 g - 2 potions of heal wounds {unknown}
 i - a potion of flight {unknown}
Comestibles
 c - a ration


   Skills:
 - Level 2.1 Dodging
 - Level 2.0 Stealth
 - Level 2.0 Spellcasting
 - Level 1.3 Conjurations
 + Level 4.0 Ice Magic


You couldn't memorise any spells.
You knew the following spells:

 Your Spells              Type           Power        Failure   Level  Hunger
a - Freeze                Ice            ##..         4%          1    #......
b - Throw Frost           Conj/Ice       ##....       11%         2    ###....
c - Ozocubu's Armour      Chrm/Ice       #.......     26%         3    ###....

Your spell library contained the following spells:

 Spells                   Type           Power        Failure   Level  Hunger
 Throw Icicle             Conj/Ice       ##......     56%         4    #####..
 Summon Ice Beast         Ice/Summ       #.......     65%         4    #####..


Dungeon Overview and Level Annotations

Branches:
Dungeon (2/15)

Altars:


Innate Abilities, Weirdness & Mutations

You have a beak for a mouth.
You have claws for feet.


Message History

The adder bites you.
Casting: Freeze (safe; 4% risk of failure)
Confirm with . or Enter, or press ? or * to list all spells.
Aiming: Freeze (safe; 4% risk of failure)
Press: ? - help, Shift-Dir - straight line, f/p - adder
Aim: an adder (moderately wounded)
You miscast Freeze.
You are very lightly contaminated with residual magic.
Frost covers your body.
You feel sick. The adder bites you.
Casting: Freeze (safe; 4% risk of failure)
Confirm with . or Enter, or press ? or * to list all spells.
Aiming: Freeze (safe; 4% risk of failure)
Press: ? - help, Shift-Dir - straight line, f/p - adder
Aim: an adder (moderately wounded)
You freeze the adder.
The adder is almost dead.
The adder bites you.
* * * LOW HITPOINT WARNING * * *
The adder bites you.
You die...

#.........###.##.......#........#
#.##.####.#.....>......+........'
#.##.# #.#.#.##.#.....#........#
#.##.####.#.#.##.......#........#
#.##............................#
............#............##+#####
###.............rw##''##..#.#####
#####.#.###..#S##8..8##.#.#....
####..........#@###..###........
#...............#.+..+.#.###.###
#.####.#.####.#.###..###........
#.# #.#.####.#.#8....8#.###....
#.# #..........###..###........
#.# ###.(......#.+..+.#.####...
#.# ######.#.###..###.# #... #.#
#.#.#8....8#.# #... #.#
#.#.###..###.# #...


You could see a worm, an adder and a rat.

Vanquished Creatures
  An ooze (D:1)
  3 dart slugs (D:1)
  A leopard gecko (D:1)
  5 bats (D:1)
  2 giant cockroaches (D:1)
  2 goblins (D:1)
  3 hobgoblins (D:1)
  5 frilled lizards (D:1)
  2 kobolds (D:1)
  8 rats (D:1)
32 creatures vanquished.

Notes
Turn   | Place    | Note
-------+----------+-------------------------------------------
     0 | D:1      | Espgualade the Tengu Ice Elementalist began the quest for
                  | the Orb.
     0 | D:1      | Reached XP level 1. HP: 10/10 MP: 4/4
    32 | D:1      | Reached skill level 3 in Ice Magic
   204 | D:1      | Reached XP level 2. HP: 12/15 MP: 1/6
   854 | D:1      | Reached XP level 3. HP: 17/19 MP: 7/7
  1106 | D:1      | Reached skill level 4 in Ice Magic
  1615 | D:1      | Learned a level 2 spell: Throw Frost
  1619 | D:1      | Learned a level 3 spell: Ozocubu's Armour
  1642 | D:1      | Slain by an adder

Levels and vault maps discovered:
D:1:      wander_arrival_abandoned_jail, layout_basic, minmay_pentomino_w2
D:2:      layout_rooms, first_ration

Skill      XL: |  1  2  3 |
---------------+----------+-----
Ice Magic      | 3 4 |  4.0
Dodging        | |  2.1
Stealth        | |  2.0
Spellcasting   | |  2.0
Conjurations   | |  1.3

Action                   || total
-------------------------++-------
Melee: Unarmed           ||    11
       Kick              ||    13
       Peck              ||     6
       Dagger            ||    40
 Cast: Freeze            ||    31
 Stab: Sleeping          ||     4
  Eat: Ration            ||     1
Armor: Robe              ||    10
Dodge: Dodged            ||    43

Table legend:
 A = Non-vault XP
 B = Vault XP
 C = Vault XP percentage of total XP
 D = Non-vault monster count
 E = Vault monster count
 F = Vault count percentage of total count
                 A         B        C        D         E       F
            +---------+---------+-------+---------+---------+-------
      Total |      56 |       3 |   5.1 |      30 |       2 |   6.2
            +---------+---------+-------+---------+---------+-------
        D:1 |      56 |       3 |   5.1 |      30 |       2 |   6.2
            +---------+---------+-------+---------+---------+-------
